 Dungeon Crawl Stone Soup version 0.29.1-1-gd02db6906a (webtiles) character file.

Game seed: 6377265224100928749

63 MisterFreud the Twirler (level 4, -2/33 HPs)
             Began as a Formicid Gladiator on Oct 10, 2022.
             Slain by Terence
             ... wielding a +0 flail
              (6 damage)
             ... on level 2 of the Dungeon.
             The game lasted 00:01:15 (1359 turns).

MisterFreud the Twirler (Formicid Gladiator)        Turns: 1359, Time: 00:01:16

Health: -2/33      AC:  3    Str: 20    XL:     4   Next: 30%
Magic:  4/4        EV: 12    Int:  8    God:
Gold:   81         SH:  0    Dex: 15    Spells: 3/3 levels left

rFire   . . .      SeeInvis +   a - +0 quarterstaff
rCold   . . .      Faith    .   (no shield)
rNeg    . . .      Spirit   .   b - +0 leather armour
rPois   .          Reflect  .   (helmet unavailable)
rElec   .          Harm     .   (no cloak)
rCorr   .          Rampage  .   (no gloves)
Will    .....                   (no boots)
Stlth   +.........              (no amulet)
HPRegen 0.11/turn               (no ring)
MPRegen 0.09/turn               (no ring)

@: no status effects
A: permanent stasis, dig shafts and tunnels, antennae 3, four strong arms
a: Dig, Shaft Self


You were on level 2 of the Dungeon.
You visited 1 branch of the dungeon, and saw 2 of its levels.

You collected 81 gold pieces.

Inventory:

Hand Weapons
 a - a +0 quarterstaff (weapon)
Missiles
 c - 3 throwing nets (quivered)
 d - a javelin
 f - 2 poisoned darts
Armour
 b - a +0 leather armour (worn)
Jewellery
 h - a +6 ring of intelligence
Scrolls
 e - 2 scrolls of identify
 g - 2 scrolls of poison
Potions
 i - a potion of curing {unknown}


   Skills:
 - Level 2.1 Fighting
 + Level 4.8 Staves
 - Level 2.0 Throwing
 - Level 2.6 Dodging


You had 3 spell levels left.
You didn't know any spells.
Your spell library was empty.

Dungeon Overview and Level Annotations

Branches:
Dungeon (2/15)

Altars:

Annotations:
D:2 Sigmund, Terence


Innate Abilities, Weirdness & Mutations

You cannot be hasted, slowed, berserked, paralysed or teleported.
You can dig through walls and to a lower floor.
You have a pair of large antennae on your head. (SInv)
Your four strong arms can wield two-handed weapons with a shield.


Message History

The gnoll hits you with a +0 spear.
You sock the gnoll!
The gnoll is heavily wounded.
The gnoll misses you.
You hit the gnoll.
The gnoll is severely wounded.
The gnoll hits you with a +0 spear.
You thump the gnoll!
You kill the gnoll!
You have reached level 4!
You feel clever.
You sock the gnoll!
The gnoll is almost dead.
The gnoll barely misses you.
You hit the gnoll.
You kill the gnoll!
You miss the goblin. The goblin hits you with a +0 dagger.
You completely miss the goblin. The goblin misses you.
The goblin hits you but does no damage.
You hit the goblin.
The goblin is almost dead.
The goblin hits you but does no damage.
You thump the goblin!
You kill the goblin!
Items here: ))) †.
You start resting.
Terence is nearby!
Terence is nearby!
Terence shouts!
You hear a shout!
You closely miss Terence. Terence hits you with a +0 flail!
You closely miss Terence. Terence barely misses you.
You barely miss Terence.
Sigmund shouts!
Terence hits you with a +0 flail!
* * * LOW HITPOINT WARNING * * *
Are you sure you want to shaft yourself? [Y]es or [N]o only, please.
Are you sure you want to shaft yourself?
Terence hits you with a +0 flail.
You die...

###.#...####......
#.........# #####
#######.#.#.....#
..........#.#....##
#...........#.#...##
#...........#.#.#...
#......#..#.........
#...................
#########.#@#.#...##
#.#@#.....# #..
##+#)#.##..###..#
....@...#.##......#
#.....@.#.##..#..#
#.......#..g...>.#
#..####).)#....####+##
#. ###............# #
#@##.........#


You could see Sigmund and Terence.

Vanquished Creatures
  3 gnolls (D:2)
  An adder (D:2)
  A dart slug (D:1)
  2 giant cockroaches (D:1)
  5 goblins
  A hobgoblin (D:1)
  3 kobolds (D:1)
  2 quokkas (D:1)
  A ball python (D:1)
  A frilled lizard (D:1)
  2 rats (D:1)
22 creatures vanquished.

Notes
Turn   | Place    | Note
-------+----------+-------------------------------------------
     0 | D:1      | MisterFreud the Formicid Gladiator began the quest for the
                  | Orb.
     0 | D:1      | Reached XP level 1. HP: 16/16 MP: 1/1
    13 | D:1      | Found a faded altar of an unknown god.
   573 | D:1      | Reached XP level 2. HP: 22/22 MP: 2/2
  1085 | D:2      | Noticed Terence
  1086 | D:2      | Noticed Sigmund
  1090 | D:2      | Reached skill level 4 in Staves
  1090 | D:2      | Reached XP level 3. HP: 25/27 MP: 3/3
  1310 | D:2      | Reached XP level 4. HP: 23/33 MP: 4/4
  1359 | D:2      | Slain by Terence

Illustrated notes

Levels and vault maps discovered:
D:1:      onia_arrival_pyramid, layout_loops_corners, basic_ecumenical_altar,
          minmay_split_cup_small
D:2:      layout_basic, uniq_natasha, uniq_sigmund, uniq_terence

Skill      XL: |  1  2 |
---------------+-------+-----
Staves         | 4 |  4.8
Fighting       | |  2.1
Throwing       | |  2.0
Dodging        | |  2.6

Action                   |  1- 3 |  4- 6 || total
-------------------------+-------+-------++-------
Melee: Quarterstaff      |    66 |     9 ||    75
 Abil: Shaft Self        |       |     1 ||     1
  Use: Scroll            |     2 |       ||     2
 Stab: Sleeping          |     3 |       ||     3
Armor: Leather armour    |    10 |     2 ||    12
Dodge: Dodged            |    42 |     3 ||    45
